 Dungeon Crawl Stone Soup version 0.30-a0-591-g3c58d2bc28 (webtiles) character file.

Game seed: 4289875444908506868

11 Newt the Ducker (level 2, 0/22 HPs)
             Began as a Demonspawn Gladiator on Jan 5, 2023.
             Slain by a hobgoblin
             ... wielding a +0 mace
              (7 damage)
             ... on level 1 of the Dungeon.
             The game lasted 00:00:30 (422 turns).

Newt the Ducker (Demonspawn Gladiator)               Turns: 422, Time: 00:00:31

Health: 0/22       AC:  4    Str: 14    XL:     2   Next: 17%
Magic:  2/2        EV: 12    Int:  9    God:
Gold:   36         SH:  0    Dex: 14    Spells: 1/1 levels left

rFire   . . .      SeeInvis .    a - +0 rapier
rCold   . . .      Faith    .    (no shield)
rNeg    . . .      Spirit   .    b - +0 leather armour
rPois   .          Reflect  .    c - +0 helmet
rElec   .          Harm     .    (no cloak)
rCorr   .          Rampage  .    (no gloves)
Will    .....                    (no boots)
Stlth   ++                       (no amulet)
HPRegen 0.23/turn                (no ring)
MPRegen 0.08/turn                (no ring)

@: no status effects
A: hooves 1
a: no special abilities


You were on level 1 of the Dungeon.
You visited 1 branch of the dungeon, and saw 1 of its levels.

You collected 36 gold pieces.

Inventory:

Hand Weapons
 a - a +0 rapier (weapon)
Missiles
 d - 3 throwing nets (quivered)
 e - a javelin
Armour
 b - a +0 leather armour (worn)
 c - a +0 helmet (worn)
Scrolls
 f - a scroll of vulnerability {unknown}
 g - a scroll of poison {unknown}
 j - a scroll of identify {unknown}
 k - a scroll of magic mapping {unknown}
Potions
 h - a potion of resistance {unknown}
 i - a potion of mutation {unknown}


   Skills:
 - Level 2.0 Fighting
 - Level 2.6 Short Blades
 - Level 1.7 Throwing
 - Level 2.6 Dodging
 + Level 1.9 Stealth


You had one spell level left.
You didn't know any spells.
Your spell library contained the following spells:

 Spells                   Type           Power      Damage    Failure   Level
 Kiss of Death            Conj/Necr      0%         2d5       45%         1
 Slow                     Hex            0%         N/A       45%         1
 Confusing Touch          Hex            0%         N/A       83%         3
 Vampiric Draining        Necr           0%         2d6       83%         3
 Dispel Undead            Necr           0%         3d6       99%         4


Dungeon Overview and Level Annotations

Branches:
Dungeon (1/15)

Altars:


Innate Abilities, Weirdness & Mutations

You have large cloven feet.


Message History

Found a gold piece.
There are monsters nearby!
The helpless jackal fails to defend itself.
You puncture the jackal!
You kill the jackal!
You see here a jackal corpse.
The helpless giant cockroach fails to defend itself.
You puncture the giant cockroach!
You kill the giant cockroach!
The jackal barks!
You have reached level 2!
Your demonic ancestry asserts itself...
Your feet thicken and deform.
You see here a jackal corpse.
The jackal closely misses you.
You hit the jackal.
You kill the jackal!
A ball python comes into view.
A quokka comes into view.
A hobgoblin comes into view. It is wielding a +0 mace.
The ball python hisses angrily.
The ball python bites you but does no damage.
The ball python barely misses you.
You hit the ball python.
You kill the ball python!
The quokka closely misses you.
You hit the hobgoblin but do no damage. The quokka barely misses you.
The hobgoblin barely misses you.
You hit the hobgoblin but do no damage. The quokka bites you.
The hobgoblin hits you but does no damage.
You closely miss the hobgoblin. The quokka barely misses you.
The hobgoblin hits you with a +0 mace.
The quokka bites you but does no damage.
You barely miss the quokka. The hobgoblin hits you with a +0 mace.
The quokka bites you.
You are too injured to fight recklessly!
You are too injured to fight recklessly!
You are too injured to fight recklessly!
You barely miss the hobgoblin. Your kick misses the hobgoblin.
The hobgoblin hits you with a +0 mace!
You die...

.[...♣#♣##
..#♣.....♣########
.................#
#.♣..♣.♣..♣.## #.#
............# #†#
..♣..♣.♣..♣#####.######.
###.....................
#♣.....♣######.....##.
##♣#♣..# #.@$$~.#
#........gr_~.#
########.######..~~$.#
.....).#.# #......#
.......#.# #....###
<......#. #.....
...)...# #..##.#
.......# .... .#
#.######


You could see a quokka and a hobgoblin.

Vanquished Creatures
  A ball python (D:1)
  A giant cockroach (D:1)
  A goblin (D:1)
  A hobgoblin (D:1)
  3 jackals (D:1)
  2 bats (D:1)
  A rat (D:1)
10 creatures vanquished.

Notes
Turn   | Place    | Note
-------+----------+-------------------------------------------
     0 | D:1      | Newt the Demonspawn Gladiator began the quest for the Orb.
     0 | D:1      | Reached XP level 1. HP: 16/16 MP: 1/1
   182 | D:1      | Reached skill level 1 in Stealth
   404 | D:1      | Found a faded altar of an unknown god.
   411 | D:1      | Gained mutation: You have large cloven feet. [demonic
                  | ancestry]
   411 | D:1      | Reached XP level 2. HP: 22/22 MP: 2/2
   422 | D:1      | Slain by a hobgoblin

Illustrated notes

Levels and vault maps discovered:
D:1:      lemuel_arrival_hallway, layout_basic,
          hellmonk_ecumenical_altar_pennies_from_heaven, serial_forest,
          infiniplex_forest_clump_long, infiniplex_forest_clump_long,
          infiniplex_forest_lined_4_way, infiniplex_forest_clump_cross,
          infiniplex_forest_lined_ring, infiniplex_forest_end_3,
          infiniplex_forest_straight_5, infiniplex_forest_straight_2,
          minmay_domino_4

Skill      XL: |  1 |
---------------+----+-----
Stealth        | 1 |  1.9
Fighting       | |  2.0
Short Blades   | |  2.6
Throwing       | |  1.7
Dodging        | |  2.6

Action                   || total
-------------------------++-------
Melee: Rapier            ||    37
 Stab: Sleeping          ||     2
Armor: Leather armour    ||    17
Dodge: Dodged            ||    27

Table legend: (Time is in decaauts)
 A = Elapsed time spent in this place.
 B = Non-inter-level travel time spent in this place.
 C = Inter-level travel time spent in this place.
 D = Time resting spent in this place.
 E = Time spent auto-exploring this place.
 F = Levels seen in this place.
 G = Mean time per level.
                   A        B        C        D        E       F      G
               +--------+--------+--------+--------+--------+-----+--------+
         Total |    425 |    425 |      0 |      0 |    340 |   1 |  425.0 |
       Dungeon |    425 |    425 |      0 |      0 |    340 |   1 |  425.0 |
               +--------+--------+--------+--------+--------+-----+--------+

Top non-repeatable levels by time:
     D:1: 425 daAuts
